 Dungeon Crawl Stone Soup version 0.31-a0-1529-g7bd419a0e5 (webtiles) character file.

Game seed: 10226787318044241691

1954 voltaire321 the Apothecary (level 9, -1/67 (73) HPs)
             Began as a Merfolk Alchemist on Dec 31, 2023.
             Slain by a wight
             ... wielding a +1 mace of freezing
              (6 damage)
             ... on level 6 of the Dungeon.
             The game lasted 00:23:20 (7673 turns).

voltaire321 the Apothecary (Merfolk Alchemist)      Turns: 7673, Time: 00:23:21

HP:   -1/67 (73)    AC:  4    Str: 13    XL:     9   Next: 19%
MP:   16/16         EV: 15    Int: 14    God:
Gold: 11            SH:  0    Dex: 14    Spells: 10/17 levels left

rFire   . . .        f - +1 scimitar (protect)
rCold   . . .        (no shield)
rNeg    . . .        a - +0 robe
rPois   .            (no helmet)
rElec   .            n - +1 cloak
rCorr   +            (no gloves)
SInv    .            (no boots)
Will    .....        (no amulet)
Stlth   ++           o - ring of resist corrosion
HPRegen 0.31/turn    (no ring)
MPRegen 0.15/turn

%: no passive effects
@: mighty, drained
A: (nimble swimmer 2), mertail, robust 1, persistent drain
a: no special abilities


You were on level 6 of the Dungeon.
You visited 1 branch of the dungeon, and saw 6 of its levels.

You collected 256 gold pieces.
You spent 245 gold pieces at shops.

Inventory:

Hand Weapons
 f - a +1 scimitar of protection (weapon)
 x - a +2 heavy sling
Missiles
 r - 2 curare-tipped darts
Armour
 a - a +0 robe (worn)
 n - a +1 cloak (worn)
 C - a +0 kite shield
Magical Staves
 c - a staff of conjuration
Jewellery
 o - a ring of resist corrosion (left hand)
Wands
 e - a wand of charming (5)
 i - a wand of quicksilver (10)
 t - a wand of roots (17)
Scrolls
 h - 3 scrolls of teleportation
 p - 3 scrolls of identify
Potions
 b - a potion of magic
 d - 2 potions of haste
 g - 2 potions of mutation
 j - a potion of brilliance
 l - a potion of might
 z - a potion of enlightenment


   Skills:
 + Level 4.8 Fighting
 + Level 2.3 Long Blades
 + Level 3.3 Armour
 + Level 6.6 Dodging
 - Level 2.1 Stealth
 * Level 0.6 Shields
 + Level 4.7 Spellcasting
 + Level 3.7 Conjurations
 + Level 7.2 Alchemy


You had 10 spell levels left.
You knew the following spells:

 Your Spells              Type           Power      Damage    Failure   Level
a - Sting                 Conj/Alch      72%        1d7       1%          1
b - Olgreb's Toxic Radia  Alch           23%        N/A       9%          4
c - Searing Ray           Conj           26%        2d5       6%          2

Your spell library contained the following spells:

 Spells                   Type           Power      Damage    Failure   Level
 Magic Dart               Conj           52%        1d5       3%          1
 Mercury Vapours          Alch/Air       26%        N/A       6%          2
 Mephitic Cloud           Conj/Alch/Air  13%        N/A       12%         3
 Apportation              Tloc           6%         N/A       19%         1
 Jinxbite                 Hex            6%         N/A       26%         2
 Alistair's Intoxication  Alch           15%        N/A       26%         5
 Sticky Flame             Fire/Alch      13%        2d5       38%         4
 Iskenderun's Mystic Bla  Conj/Tloc      8%         2d4       63%         4
 Lehudib's Crystal Spear  Conj/Erth      4%         10d3      100%        8


Dungeon Overview and Level Annotations

Branches:
Dungeon (6/15)
 Temple: D:4-7

Altars:
Xom

Shops:
D:5 ![(:?   D:6 (

Annotations:
D:2 1 runed translucent door, Crazy Yiuf


Innate Abilities, Weirdness & Mutations

((You are very nimble when in or above water. (Stealth+, EV+, Speed+++)))
Your lower body shifts to a powerful aquatic tail in water.
You are robust. (+10% HP)
Your health recovers twice as slowly from being drained.


Message History

* * * LOW HITPOINT WARNING * * *
You feel drained. The wight freezes you.
* * * LOW HITPOINT WARNING * * *
You hear a shout!
You hear a howl!
You hit the howler monkey.
Your weapon exudes an aura of protection.
The howler monkey is almost dead.
The howler monkey barely misses you. The wight closely misses you.
The howler monkey hits you but does no damage.
You slash the howler monkey!
You kill the howler monkey!
The wight hits you but does no damage. The wight closely misses you.
A scorpion comes into view.
The wight hits you but does no damage.
Things that are here:
a +3 mace; a +0 robe You feel very mighty all of a sudden.
The wight misses you. x2
You slash the wight!
Your weapon exudes an aura of protection.
The wight is severely damaged.
The wight misses you.
The wight hits you from afar with a +0 spear.
* * * LOW HITPOINT WARNING * * *
The wight misses you. The wight barely misses you.
You barely miss the wight.
The wight is severely damaged.
The wight barely misses you. The wight closely misses you.
You barely miss the wight.
The wight is severely damaged.
The wight closely misses you. The wight barely misses you.
You closely miss the wight.
The wight is severely damaged.
The wight misses you.
The wight hits you with a +1 mace of freezing!
* * * LOW HITPOINT WARNING * * *
You feel drained.
* * * LOW HITPOINT WARNING * * *
The wight freezes you.
You die...

#.# #.# #.# #.# #.#
#.# #.# #.# #.####.#
#.#....# #.#.####
########.#.#
#........#@#
#.########z# #.#
##z## #.#######.s.##
#.....##.....##
#.###.#...)...####..
#.# #...............
#.# ###.....∩..###..
#.# ##.....#.#


You could see a scorpion and 2 wights.

Vanquished Creatures
  Pikel (D:5)
  Sigmund (D:5)
  Eustachio (D:5)
  Menkaure (D:4)
  A water moccasin (D:5)
  An ice beast (D:5)
  An ogre (D:4)
  2 lemures (D:5)
  Blork the orc (D:5)
  2 scorpions
  2 wights (D:6)
  2 jellies (D:5)
  A howler monkey (D:6)
  2 bombardier beetles (D:4)
  A hound (D:4)
  A gnoll bouda (D:5)
  An iguana (D:4)
  8 gnolls
  4 adders
  2 dart slugs
  3 ribbon worms (D:2)
  10 orcs
  4 bats
  11 endoplasms
  3 giant cockroaches
  8 goblins
  6 hobgoblins
  4 jackals (D:2)
  8 quokkas
  10 ball pythons
  7 frilled lizards
  5 kobolds
  5 rats
120 creatures vanquished.

Notes
Turn   | Place    | Note
-------+----------+-------------------------------------------
     0 | D:1      | voltaire321 the Merfolk Alchemist began the quest for the
                  | Orb.
     0 | D:1      | Reached XP level 1. HP: 13/13 MP: 3/3
   164 | D:1      | Reached XP level 2. HP: 20/20 MP: 1/5
   229 | D:1      | Reached skill level 1 in Conjurations
   684 | D:1      | Found a faded altar of an unknown god.
   829 | D:1      | Reached XP level 3. HP: 25/25 MP: 3/6
  1262 | D:2      | Reached skill level 1 in Fighting
  1385 | D:2      | Reached XP level 4. HP: 3/32 MP: 0/7
  1676 | D:2      | Reached skill level 1 in Armour
  1995 | D:2      | Found a runed translucent door.
  1996 | D:2      | Noticed Crazy Yiuf
  2322 | D:3      | Learned a level 4 spell: Olgreb's Toxic Radiance
  2425 | D:3      | Got the Tome of the Lumpy Beds
  2463 | D:3      | Learned a level 2 spell: Searing Ray
  2644 | D:3      | Found a shimmering altar of Xom.
  3159 | D:4      | Reached XP level 5. HP: 37/37 MP: 7/9
  3745 | D:4      | Reached skill level 5 in Alchemy
  3799 | D:4      | Reached XP level 6. HP: 36/44 MP: 6/10
  3971 | D:4      | Noticed Menkaure
  4198 | D:4      | Killed Menkaure
  4631 | D:4      | Reached XP level 7. HP: 51/51 MP: 6/12
  4958 | D:5      | Entered Level 5 of the Dungeon
  4965 | D:5      | Reached skill level 5 in Dodging
  5439 | D:5      | Found Egulloos's Antique Weapon Shoppe.
  5552 | D:5      | Reached skill level 6 in Alchemy
  5670 | D:5      | Noticed Eustachio
  5681 | D:5      | Killed Eustachio
  5682 | D:5      | Reached XP level 8. HP: 48/60 MP: 6/13
  5838 | D:5      | Gained mutation: Your health recovers twice as slowly from
                  | being drained. [potion of mutation]
  5838 | D:5      | Gained mutation: You are robust. (+10% HP) [potion of
                  | mutation]
  6175 | D:5      | Noticed Sigmund
  6185 | D:5      | Found Gudeig Ompau's Book Boutique.
  6206 | D:5      | Found Qiohaar's Magic Scroll Boutique.
  6355 | D:5      | Bought a runed scimitar for 245 gold pieces
  6759 | D:5      | Killed Sigmund
  6787 | D:5      | Found Ustrilaoc's Armour Emporium.
  7031 | D:5      | Noticed Blork the orc
  7110 | D:5      | Noticed Pikel
  7125 | D:5      | Killed Blork the orc
  7172 | D:5      | Killed Pikel
  7173 | D:5      | Reached skill level 7 in Alchemy
  7173 | D:5      | Reached XP level 9. HP: 10/73 MP: 10/16
  7397 | D:5      | Found Pir Eciem's Distillery.
  7618 | D:6      | Found Yskesykh's Antique Weapon Shop.
  7673 | D:6      | Slain by a wight

Illustrated notes

Levels and vault maps discovered:
D:1:      roderic_dead_forest, layout_basic, basic_ecumenical_altar
D:2:      layout_loops_ring, chequers_serial_rivers_micro_a,
          kennysheep_generic_room_9, uniq_crazy_yiuf_cottage
D:3:      layout_basic, mainiacjoe_overflow_24_doors, skrybe_limestone_x
D:4:      layout_layer_cave, uniq_menkaure
D:5:      layout_basic, serial_shops, shop, shop, shop,
          nicolae_shop_hallway_plus, shop, hangedman_abyss_or_decor_stabs,
          water_boxes_lemuel, uniq_eustachio, uniq_sigmund, uniq_pikel,
          uniq_blork_the_orc
D:6:      layout_loops_ring, worldfamousw_hep_ancestral_shrine, serial_shops,
          shop, shop, shop, shop, ebering_ghost_sewer_f,
          kennysheep_generic_room_11

Skill      XL: |  1  2  3  4  5  6  7  8 |
---------------+-------------------------+-----
Conjurations   | 1 2 3 |  3.7
Dodging        | 3 4 5 6 |  6.6
Fighting       | 1 2 3 4 |  4.8
Armour         | 1 2 3 |  3.3
Spellcasting   | 3 4 |  4.7
Alchemy        | 5 6 7 |  7.2
Long Blades    | 2 |  2.3
Stealth        | |  2.1
Shields        | |  0.6

Action                     |  1- 3 |  4- 6 |  7- 9 || total
---------------------------+-------+-------+-------++-------
  Melee: Unarmed           |     6 |       |       ||     6
         Dagger            |    39 |    35 |       ||    74
         Whip              |       |       |    35 ||    35
         Long sword        |       |       |     9 ||     9
         Scimitar          |       |       |    56 ||    56
         Punch             |       |       |     3 ||     3
   Fire: Sling             |       |    12 |     1 ||    13
   Cast: Sting             |    61 |    97 |    47 ||   205
         Searing Ray       |       |     2 |     2 ||     4
         Olgreb's Toxic Ra |       |       |     1 ||     1
    Use: Potion            |     1 |       |     5 ||     6
         Scroll            |       |       |    14 ||    14
   Stab: Sleeping          |     2 |     3 |     1 ||     6
 Armour: Robe              |    21 |    48 |    83 ||   152
  Dodge: Dodged            |    26 |    51 |    93 ||   170

Table legend: (Time is in decaauts)
 A = Elapsed time spent in this place.
 B = Non-inter-level travel time spent in this place.
 C = Inter-level travel time spent in this place.
 D = Time resting spent in this place.
 E = Time spent auto-exploring this place.
 F = Levels seen in this place.
 G = Mean time per level.
                   A        B        C        D        E       F      G
               +--------+--------+--------+--------+--------+-----+--------+
         Total |   7689 |   7378 |    311 |   2095 |   3737 |   6 | 1281.5 |
       Dungeon |   7689 |   7378 |    311 |   2095 |   3737 |   6 | 1281.5 |
               +--------+--------+--------+--------+--------+-----+--------+

Top non-repeatable levels by time:
     D:5: 2453 daAuts
     D:4: 1944 daAuts
     D:2: 1345 daAuts
     D:1: 954 daAuts
     D:3: 818 daAuts
     D:6: 174 daAuts
